 Dungeon Crawl Stone Soup version 0.27.1-34-g3ba077fa99 (webtiles) character file.

Game seed: 15142520006471785054

441 mcbry74 the Ruffian (level 6, -1/45 (53) HPs)
             Began as a Troll Earth Elementalist on Jan 22, 2022.
             Was an Elder of Lugonu.
             Slain by an orc (5 damage)
             ... on level 3 of the Dungeon.
             The game lasted 00:12:21 (2945 turns).

mcbry74 the Ruffian (Troll Earth Elementalist)      Turns: 2945, Time: 00:12:22

HP:   -1/45 (53)    AC:  4    Str: 17    XL:     6   Next: 71%
MP:   6/6           EV:  9    Int: 13    God:    Lugonu [****..]
Gold: 150           SH:  0    Dex: 10    Spells: 4/7 levels left

rFire    . . .     SeeInvis .     - Unarmed
rCold    . . .     Faith    .   (no shield)
rNeg     . . .     Spirit   .   b - +0 robe
rPois    .         Reflect  .   (helmet restricted)
rElec    .         Harm     .   (no cloak)
rCorr    .         Rampage  .   (gloves unavailable)
Will     .....                  (boots unavailable)
Stlth    +.........             (no amulet)
HPRegen  1.15/turn              (no ring)
MPRegen  0.10/turn              (no ring)

@: heavily drained
A: large, unfitting armour, claws 3, regeneration 1, shaggy fur 1, tough skin 1
a: Renounce Religion, Depart the Abyss, Bend Space, Banish, Corrupt


You were on level 3 of the Dungeon.
You worshipped Lugonu.
Lugonu was greatly pleased with you.
You visited 1 branch of the dungeon, and saw 4 of its levels.

You collected 150 gold pieces.

Inventory:

Missiles
 c - 144 stones
 g - 11 poisoned darts
Armour
 b - a +0 robe (worn)
Scrolls
 a - a scroll of noise {unknown}
 f - a scroll of teleportation {unknown}
 k - 2 scrolls of identify {unknown}
 n - a scroll of enchant armour {unknown}
 o - a scroll of amnesia {unknown}
Potions
 d - 3 potions of curing {unknown}
 e - a potion of lignification {unknown}
 h - a potion of mutation {unknown}
 i - a potion of berserk rage {unknown}
 j - a potion of might {unknown}
 l - a potion of magic {unknown}
 m - a potion of ambrosia {unknown}


   Skills:
 + Level 1.7 Dodging
 - Level 1.0 Stealth
 * Level 6.7 Unarmed Combat
 - Level 1.2 Spellcasting
 - Level 0.6 Transmutations
 + Level 2.8 Earth Magic
 + Level 0.5 Invocations


You had 4 spell levels left.
You knew the following spells:

 Your Spells              Type           Power      Damage    Failure   Level
a - Sandblast             Erth           16%        2d6       9%          1
b - Passwall              Tmut/Erth      4%         N/A       21%         2

Your spell library contained the following spells:

 Spells                   Type           Power      Damage    Failure   Level
 Stone Arrow              Conj/Erth      8%         3d7       43%         3
 Petrify                  Tmut/Erth      5%         N/A       80%         4


Dungeon Overview and Level Annotations

Branches:
Dungeon (4/15)
 Temple: D:4-7

Altars:
Xom
Lugonu


Innate Abilities, Weirdness & Mutations

You are too large for most types of armour.
You have claws for hands.
Your natural rate of healing is unusually fast.
You are covered in fur. (AC +1)
You have tough skin. (AC +1)


Message History

The goblin hits you with a +0 dagger.
The orc priest invokes the aid of Beogh against you.
Pain shoots through your body!
The orc hits you with a +2 falchion of draining.
You feel drained.
The white imp picks up a beetle and eats it.
You climb upwards.
There is a stone staircase leading down, spattered with blood here.
You claw the goblin!
You kill the goblin!
Lugonu accepts your kill.
The orc hits you with a +2 falchion of draining.
You feel drained.
You scratch the orc.
The orc is moderately wounded.
The orc priest mumbles some strange prayers to Beogh against you.
Beogh smites you! The orc hits you but does no damage.
You feel drained.
You scratch the orc but do no damage. Your claw misses the orc.
The orc is moderately wounded.
The orc priest calls upon Beogh to heal the orc.
The orc's wounds heal themselves!
You closely miss the orc. The orc barely misses you.
You completely miss the orc.
The orc priest calls down the wrath of Beogh upon you.
Beogh smites you!
* * * LOW HITPOINT WARNING * * *
The orc hits you with a +2 falchion of draining.
* * * LOW HITPOINT WARNING * * *
You feel drained.
Okay, then.
You closely miss the orc. The orc closely misses you.
You barely miss the orc. The orc barely misses you.
You closely miss the orc.
The orc hits you with a +2 falchion of draining.
* * * LOW HITPOINT WARNING * * *
You feel drained.
* * * LOW HITPOINT WARNING * * *
You scratch the orc but do no damage.
The orc hits you with a +2 falchion of draining.
You die...

#.............# #..........
#########.###.# #.######.## #.#
#.# #.#≈≈≈≈#.## #.# #.#
#.#≈._≈#... #.# #.# #.#≈.>≈#..#
#.# #.# #.#≈≈≈≈#.## #.# #.#
#.#'####.#
##############.###(####........#
...........)..))@oo...........##
########..####.###.####.###.#.#
#.............).....#.#.#
#...########.###..#.#.#.# #...#
#.# #........# #...# #.#
#........# #...# #.# ##..)....#
# #...# #.# #.#.#...# # #...#
#.# #.#.#...# #


You could see an orc priest and an orc.

Vanquished Creatures
  The ghost of H4rdStyl3z the Digger, an amateur GrEE (D:3)
  An ice beast (D:3)
  An orc priest (D:3)
  Robin (D:4)
  3 adders
  3 worms
  3 dart slugs
  An orc (D:4)
  6 ball pythons
  3 bats
  11 endoplasms
  3 giant cockroaches
  20 goblins
  9 hobgoblins
  4 jackals (D:1)
  A quokka (D:1)
  3 frilled lizards
  3 kobolds (D:1)
  10 rats
87 creatures vanquished.

Notes
Turn   | Place    | Note
-------+----------+-------------------------------------------
     0 | D:1      | mcbry74 the Troll Earth Elementalist began the quest for
                  | the Orb.
     0 | D:1      | Reached XP level 1. HP: 16/16 MP: 1/1
    37 | D:1      | Reached skill level 1 in Unarmed Combat
   100 | D:1      | Reached XP level 2. HP: 24/24 MP: 2/2
   120 | D:1      | Found a faded altar of an unknown god.
   129 | D:1      | Became a worshipper of Lugonu the Unformed
   129 | D:1      | Reached * piety under Lugonu
   129 | D:1      | Reached ** piety under Lugonu
   171 | D:1      | Reached skill level 2 in Unarmed Combat
   501 | D:1      | Reached XP level 3. HP: 31/31 MP: 1/3
   668 | D:1      | Learned a level 2 spell: Passwall
  1188 | D:2      | Reached skill level 3 in Unarmed Combat
  1354 | D:2      | Reached *** piety under Lugonu
  1702 | D:2      | Reached XP level 4. HP: 30/39 MP: 4/4
  2009 | D:3      | Reached skill level 4 in Unarmed Combat
  2158 | D:3      | Found a runed translucent gate.
  2159 | D:3      | Found a runed translucent gate.
  2159 | D:3      | Found a runed translucent gate.
  2161 | D:3      | Noticed H4rdStyl3z's ghost (amateur GrEE)
  2278 | D:3      | Killed H4rdStyl3z's ghost
  2279 | D:3      | Reached skill level 6 in Unarmed Combat
  2279 | D:3      | Reached XP level 5. HP: 40/45 MP: 5/5
  2279 | D:3      | Reached XP level 6. HP: 47/53 MP: 6/6
  2390 | D:3      | Noticed an ice beast
  2396 | D:3      | Killed an ice beast
  2435 | D:3      | Found a shimmering altar of Xom.
  2742 | D:4      | Noticed Robin
  2891 | D:4      | Killed Robin
  2897 | D:3      | Reached **** piety under Lugonu
  2945 | D:3      | Slain by an orc

Illustrated notes

Levels and vault maps discovered:
D:1:      giann_forest_graveyard, layout_basic, basic_ecumenical_altar,
          minmay_pentomino_t2
D:2:      layout_basic, chequers_decorated_corner
D:3:      layout_loops_ring, general_overflow_altar, gammafunk_ghost_split
D:4:      layout_cave_pools, tgw_fedhas, minmay_temple_entry_mini_moons,
          uniq_pikel, uniq_robin, uniq_crazy_yiuf_cottage

Skill      XL: |  1  2  3  4 |
---------------+-------------+-----
Unarmed Combat | 1 2 3 6 |  6.7
Dodging        | |  1.7
Stealth        | |  1.0
Spellcasting   | |  1.2
Transmutations | |  0.6
Earth Magic    | |  2.8
Invocations    | |  0.5

Action                   |  1- 3 |  4- 6 || total
-------------------------+-------+-------++-------
Melee: Unarmed           |   167 |   139 ||   306
       Punch             |     1 |     1 ||     2
 Cast: Sandblast         |     3 |     2 ||     5
Invok: Bend Space        |       |     1 ||     1
 Stab: Sleeping          |     2 |       ||     2
Armor: Robe              |    65 |    54 ||   119
Dodge: Dodged            |    90 |    77 ||   167
